 Dungeon Crawl Stone Soup version 0.21.1-1-g345015f (webtiles) character file.

3392 Kairos the Cleaver (level 10, -4/115 HPs)
             Began as a Human Fighter on Mar 29, 2018.
             Was a Follower of Okawaru.
             Slain by a warg (8 damage)
             ... on level 8 of the Dungeon.
             The game lasted 00:21:34 (8034 turns).

Kairos the Cleaver (Human Fighter)                  Turns: 8034, Time: 00:21:35

Health: -4/115     AC:  9    Str: 22    XL:     10   Next: 24%
Magic:  11/11      EV: 12    Int: 11    God:    Okawaru [*.....]
Gold:   491        SH: 11    Dex: 15    Spells: 6/9 levels left

rFire    + + .     SeeInvis .   q - +0 trident (venom)
rCold    . . .     Gourm    .   c - +0 shield
rNeg     . . .     Faith    +   L - +3 salamander hide armour {+Rage rF++}
rPois    .         Spirit   .   (no helmet)
rElec    .         Reflect  .   z - +0 cloak
rCorr    .         Harm     .   (no gloves)
MR       .....                  n - +0 pair of boots
Stlth    ..........             e - amulet of faith
HPRegen  0.29/turn              k - +2 ring of intelligence
MPRegen  0.12/turn              (no ring)

@: berserking, about to teleport, very quick
A: no striking features
a: Heroism, Renounce Religion, Evoke Berserk Rage


You were on level 8 of the Dungeon.
You worshipped Okawaru.
Okawaru was aware of your devotion.
You were hungry.

You visited 2 branches of the dungeon, and saw 9 of its levels.
You also visited: Sewer and Ossuary.

You collected 491 gold pieces.

Inventory:

Hand Weapons
 a - a +0 war axe
 q - a +0 trident of venom (weapon)
Armour
 b - a +0 scale mail
 c - a +0 shield (worn)
 n - a +0 pair of boots (worn)
 z - a +0 cloak (worn)
 L - the +3 salamander hide armour (worn) {+Rage rF++}
   (You found it on level 7 of the Dungeon)

   It greatly protects you from fire.
   It lets you go berserk.
 O - a +0 ring mail of fire resistance
Jewellery
 e - an amulet of faith (around neck)
 k - a +2 ring of intelligence (left hand)
 l - an uncursed amulet of regeneration
 t - an uncursed ring of ice
 J - an uncursed amulet of magic regeneration
 M - an uncursed ring of wizardry
Wands
 s - a wand of clouds (4)
 x - a wand of enslavement (9)
 y - a wand of disintegration (10)
 H - a wand of flame (42)
 N - a wand of polymorph (1)
Scrolls
 o - a scroll of enchant armour {unknown}
 p - 2 scrolls of fog
 u - 3 scrolls of magic mapping
 v - a scroll of teleportation
 C - a scroll of enchant weapon {unknown}
 D - 5 scrolls of remove curse
 E - a scroll of amnesia {unknown}
 G - 2 scrolls of immolation {unknown}
 K - a scroll of acquirement {unknown}
Potions
 d - 2 potions of might
 g - 5 potions of haste
 h - 4 potions of curing
 i - 2 potions of heal wounds {unknown}
 j - 3 potions of lignification
 m - 2 potions of resistance {unknown}
 r - a potion of flight {unknown}
 A - 3 potions of invisibility {unknown}
 B - a potion of degeneration {unknown}
 F - 2 potions of mutation
 I - a potion of brilliance {unknown}
Books
 w - a book of Misfortune

   Spells                             Type                      Level
   a - Confusing Touch                Hexes                        1
   b - Confuse                        Hexes                        3
   c - Gell's Gravitas                Translocation                3
   d - Petrify                        Transmutation/Earth          4
   e - Metabolic Englaciation         Hexes/Ice                    5
   f - Yara's Violent Unravelling     Hexes/Transmutation          5
Comestibles
 f - 11 rations


   Skills:
 + Level 6.3 Fighting
 + Level 9.1 Axes
 + Level 6.0 Armour
 + Level 4.3 Dodging
 + Level 1.3 Stealth
 + Level 6.0 Shields
 * Level 2.1 Invocations
 + Level 0.2 Evocations


You had 6 spell levels left.
You knew the following spells:

 Your Spells              Type           Power        Failure   Level  Hunger
a - Confuse               Hex            #.......     98%         3    ####...


Dungeon Overview and Level Annotations

Branches:
Dungeon (8/15)             Temple (1/1) D:7
   Lair: D:8-11

Altars:
Ashenzari
Cheibriados
Elyvilon
Gozag
Kikubaaqudgha
Okawaru
Ru
Trog
Uskayaw
Vehumet
Xom
Yredelemnul


Message History

You barely miss the warg.
You kill the howler monkey!
Okawaru accepts your kill.
Your Invocations skill increases to level 2!
The warg bites you!
The orc priest mumbles some strange prayers to Beogh against you.
Beogh smites you!
* * * LOW HITPOINT WARNING * * *
An orc wizard comes into view. It is wielding a dagger.
As you read the scroll of teleportation, it crumbles to dust.
You feel strangely unstable. You block the warg's attack. The warg bites you!
* * * LOW HITPOINT WARNING * * *
You fail to use your ability.
You block the orc priest's attack. The warg bites you but does no damage.
A warg and an orc come into view.
A red film seems to cover your vision as you go berserk!
You feel yourself moving faster!
You feel mighty!
You are feeling hungry.
The orc priest misses you. The warg bites you!
You die...

.# .#
..## o.#
..####
#ho..
#o.##
####ho.#
#...@..#
#......#
#......##
#.....##
.......#
######.##
#. #.


You could see 2 wargs, 2 orc priests, an orc wizard and an orc.

Vanquished Creatures
  A hippogriff (D:7)
  Sigmund (D:4)
  Eustachio (D:6)
  2 orc warriors (D:7)
  A sky beast (D:5)
  3 phantoms
  An ogre (D:5)
  3 centaurs
  A crocodile (Sewer)
  A bullfrog (D:7)
  A gnoll sergeant (D:7)
  10 scorpions (Ossuary)
  3 howler monkeys
  A crimson imp (D:3)
  2 centaur zombies (Ossuary)
  A human zombie (Ossuary)
  An orc priest (D:8)
  A gnoll shaman (D:5)
  3 hounds
  2 jellies
  A bullfrog skeleton (D:7)
  12 orc wizards
  An iguana (D:4)
  2 worker ants
  4 big kobold zombies (Ossuary)
  A hound skeleton (D:4)
  3 mummies (Ossuary)
  12 gnolls
  5 adders
  3 scorpion zombies (Ossuary)
  4 oozes
  3 worms
  A dart slug (D:1)
  8 leopard geckos
  23 orcs
  A ball python (D:5)
  17 bats
  4 giant cockroaches
  A gnoll zombie (Ossuary)
  9 goblins
  11 hobgoblins
  15 jackals
  A quokka (D:4)
  6 frilled lizards
  3 goblin zombies
  4 hobgoblin zombies (Ossuary)
  6 kobolds
  2 kobold zombies (Ossuary)
  An orc zombie (Ossuary)
  A quokka zombie (D:5)
  6 rats
211 creatures vanquished.

Vanquished Creatures (others)
  A wizard (D:5)
1 creature vanquished.

Grand Total: 212 creatures vanquished

Notes
Turn   | Place    | Note
-------+----------+-------------------------------------------
     0 | D:1      | Kairos the Human Fighter began the quest for the Orb.
     0 | D:1      | Reached XP level 1. HP: 18/18 MP: 1/1
    84 | D:1      | Reached XP level 2. HP: 19/24 MP: 2/2
   394 | D:1      | Reached XP level 3. HP: 22/29 MP: 3/3
  1083 | D:2      | Reached XP level 4. HP: 30/35 MP: 4/4
  1259 | D:2      | Found an opulent altar of Gozag.
  1618 | D:3      | Found a glowing drain.
  1625 | D:3      | Reached skill level 1 in Dodging
  1625 | D:3      | Reached XP level 5. HP: 40/41 MP: 5/5
  1629 | D:3      | Reached skill level 3 in Axes
  1649 | Sewer    | Entered a sewer
  1682 | Sewer    | Noticed a crocodile
  1695 | Sewer    | Killed a crocodile
  1793 | D:3      | Reached XP level 6. HP: 48/48 MP: 6/6
  1873 | D:3      | Found a shimmering altar of Xom.
  2099 | D:3      | Reached skill level 4 in Axes
  2230 | D:3      | Reached XP level 7. HP: 52/54 MP: 7/7
  2271 | D:3      | Found a hide-covered altar of Uskayaw.
  2338 | D:3      | Found a radiant altar of Vehumet.
  2940 | D:4      | Noticed Sigmund
  2966 | D:4      | Killed Sigmund
  2966 | D:4      | Reached skill level 5 in Axes
  3138 | D:4      | Found an ancient bone altar of Kikubaaqudgha.
  3326 | D:4      | Reached XP level 8. HP: 61/61 MP: 8/8
  3507 | D:4      | Learned a level 3 spell: Confuse
  3508 | D:5      | Entered Level 5 of the Dungeon
  3514 | D:5      | Found a sand-covered staircase.
  3522 | Ossuary  | Entered an ossuary
  3623 | Ossuary  | Reached skill level 6 in Axes
  3847 | Ossuary  | Reached skill level 5 in Fighting
  3955 | Ossuary  | Reached skill level 5 in Armour
  4012 | Ossuary  | Reached skill level 7 in Axes
  4012 | Ossuary  | Reached XP level 9. HP: 54/68 MP: 9/9
  4268 | D:5      | Reached skill level 5 in Shields
  4306 | D:5      | Found a shattered altar of Ashenzari.
  4707 | D:5      | Found a snail-covered altar of Cheibriados.
  4950 | D:5      | Found a sacrificial altar of Ru.
  5041 | D:5      | Found a bloodstained altar of Trog.
  5043 | D:5      | Noticed a wizard
  5059 | D:5      | Killed a wizard
  5162 | D:5      | Reached skill level 8 in Axes
  5278 | D:6      | Reached skill level 1 in Stealth
  5411 | D:6      | Found a white marble altar of Elyvilon.
  5509 | D:6      | Noticed Eustachio
  5524 | D:6      | Killed Eustachio
  5829 | D:6      | Found a basalt altar of Yredelemnul.
  6077 | D:7      | Found the +3 salamander hide armour {+Rage rF++}
  6162 | D:7      | Found a staircase to the Ecumenical Temple.
  6200 | Temple   | Entered the Ecumenical Temple
  6233 | Temple   | Became a worshipper of Warmaster Okawaru
  6386 | D:7      | Noticed a hippogriff
  6399 | D:7      | Killed a hippogriff
  7115 | D:7      | Reached XP level 10. HP: 76/76 MP: 10/10
  7181 | D:7      | Reached * piety under Okawaru
  7695 | D:7      | Reached skill level 9 in Axes
  7977 | D:7      | Reached skill level 1 in Invocations
  8032 | D:8      | HP: 3/77 [warg (15)]
  8034 | D:8      | Slain by a warg

Skill      XL: |  1  2  3  4  5  6  7  8  9 10 |
---------------+-------------------------------+-----
Dodging        | 1 2 3 4 |  4.3
Axes           | 3 4 5 7 8 9 |  9.1
Fighting       | 4 5 6 |  6.3
Armour         | 4 5 6 |  6.0
Shields        | 4 5 6 |  6.0
Stealth        | 1 |  1.3
Invocations    | 2 |  2.1
Evocations     | |  0.2

Action                   |  1- 3 |  4- 6 |  7- 9 | 10-12 || total
-------------------------+-------+-------+-------+-------++-------
Melee: War axe           |   103 |   222 |   500 |    43 ||   868
       Trident           |       |       |       |    26 ||    26
 Abil: Evoke Berserk Rag |       |       |       |     2 ||     2
Evoke: Wand              |       |       |     1 |       ||     1
  Use: Potion            |       |     1 |       |     1 ||     2
       Scroll            |       |     3 |     6 |     1 ||    10
 Stab: Confused          |       |       |     1 |       ||     1
       Paralysed         |       |       |     2 |       ||     2
  Eat: Chunk             |       |     5 |    11 |     3 ||    19
       Ration            |       |       |     2 |       ||     2
Armor: Scale mail        |    60 |    91 |   150 |       ||   301
       Leather armour    |       |       |    12 |    19 ||    31
       Skin              |       |       |       |     2 ||     2
Dodge: Dodged            |    34 |    97 |   145 |    30 ||   306
Block: Shield            |    53 |   125 |   246 |    37 ||   461
